 Dungeon Crawl Stone Soup version 0.30-a0-808-g6e0788376e (webtiles) character file.

Game seed: 10343323328110342581

91 hikkokomori the Digger (level 4, -2/24 HPs)
             Began as a Gargoyle Earth Elementalist on Feb 26, 2023.
             Was an Initiate of Cheibriados.
             Slain by a gnoll
             ... wielding a +0 spear
              (7 damage)
             ... on level 2 of the Dungeon.
             The game lasted 00:02:56 (1825 turns).

hikkokomori the Digger (GrEE)                       Turns: 1825, Time: 00:02:57

Health: -2/24      AC: 33    Str: 12    XL:     4   Next: 59%
Magic:  7/7        EV:  5    Int: 19    God:    Cheibriados [......]
Gold:   120        SH:  0    Dex: 11    Spells: 6/7 levels left

rFire   . . .      SeeInvis .    f - +0 dagger
rCold   . . .      Faith    +    (no shield)
rNeg    + . .      Spirit   .    t - +18 Lear's hauberk
rPois   ∞          Reflect  .    (helmet currently unavailable)
rElec   +          Harm     .    (no cloak)
rCorr   .          Rampage  .    (gloves currently unavailable)
Will    .....                    (boots currently unavailable) Stlth
                                 q - amulet of faith
HPRegen 0.24/turn                p - +4 ring of protection
MPRegen 0.10/turn                (no ring)

@: very slow
A: sickness immunity, AC +3, negative energy resistance 1, electricity
resistance, torment resistance 1, petrification resistance
a: Renounce Religion


You were on level 2 of the Dungeon.
You worshipped Cheibriados.
Cheibriados was noncommittal.
You visited 1 branch of the dungeon, and saw 2 of its levels.

You collected 120 gold pieces.

Inventory:

Hand Weapons
 f - a +0 dagger (weapon)
Armour
 a - a +0 robe
 m - a +0 pair of boots
 r - a +0 pair of gloves
 t - the +18 Lear's hauberk (worn)
   (You found it on level 2 of the Dungeon)
Jewellery
 p - a +4 ring of protection (left hand)
 q - an amulet of faith (around neck)
Scrolls
 c - a scroll of poison {unknown}
 d - 2 scrolls of identify {unknown}
 e - 2 scrolls of magic mapping {unknown}
 j - a scroll of amnesia {unknown}
 l - a scroll of fear {unknown}
 n - 2 scrolls of teleportation {unknown}
 s - a scroll of fog {unknown}
Potions
 b - a potion of magic
 g - a potion of mutation {unknown}
 h - 2 potions of flight {unknown}
 i - a potion of brilliance {unknown}
 k - 2 potions of curing {unknown}
 o - a potion of degeneration {unknown}


   Skills:
 + Level 0.3 Fighting
 + Level 0.4 Armour
 - Level 1.5 Dodging
 - Level 4.0 Stealth
 - Level 2.0 Spellcasting
 - Level 0.7 Transmutations
 + Level 5.0 Earth Magic
 + Level 0.3 Invocations


You had 6 spell levels left.
You knew the following spells:

 Your Spells              Type           Power      Damage    Failure   Level
a - Sandblast             Erth           42%        2d11      69%         1

Your spell library contained the following spells:

 Spells                   Type           Power      Damage    Failure   Level
 Passwall                 Tmut/Erth      10%        N/A       98%         2
 Kiss of Death            Conj/Necr      4%         2d5       100%        1
 Confusing Touch          Hex            1%         N/A       100%        3
 Dazzling Flash           Conj/Hex       2%         N/A       100%        3
 Stone Arrow              Conj/Erth      22%        3d8       100%        3
 Dispel Undead            Necr           1%         3d6       100%        4
 Petrify                  Tmut/Erth      12%        N/A       100%        4
 Agony                    Necr           1%         N/A       100%        5
 Silence                  Hex/Air        0%         N/A       100%        5


Dungeon Overview and Level Annotations

Branches:
Dungeon (2/15)

Altars:
Cheibriados

Shops:
D:1 :!*=


Innate Abilities, Weirdness & Mutations

You are immune to sickness and miasma.
Your stone body is resilient. (AC +3)
You are immune to poison.
You resist negative energy. (rN+)
You are resistant to electric shocks. (rElec)
You are resistant to unholy torment.
You are immune to petrification.


Message History

Your magical contamination has completely faded away.
The gnoll hits you with a +0 halberd.
You barely miss the gnoll.
The gnoll hits you but does no damage. x2
You hit the gnoll.
The gnoll is lightly wounded.
The gnoll hits you but does no damage. The gnoll barely misses you.
You hit the gnoll but do no damage.
The gnoll is lightly wounded.
The gnoll hits you but does no damage. x2
You hit the gnoll.
The gnoll is moderately wounded.
The gnoll hits you from afar with a +0 spear.
The gnoll hits you but does no damage.
You hit the gnoll but do no damage.
The gnoll is moderately wounded.
The gnoll completely misses you. The gnoll barely misses you.
You hit the gnoll.
The gnoll is heavily wounded.
The gnoll hits you but does no damage. x2
You hit the gnoll but do no damage.
The gnoll is heavily wounded.
The gnoll hits you but does no damage. The gnoll hits you with a +0 halberd.
You closely miss the gnoll.
The gnoll is heavily wounded.
The gnoll barely misses you. x2
You barely miss the gnoll.
The gnoll is heavily wounded.
The gnoll hits you but does no damage. The gnoll barely misses you.
You barely miss the gnoll.
The gnoll is heavily wounded.
The gnoll hits you from afar with a +0 spear.
* * * LOW HITPOINT WARNING * * *
The gnoll hits you but does no damage.
You hit the gnoll.
The gnoll is heavily wounded.
The gnoll hits you but does no damage. The gnoll barely misses you.
You barely miss the gnoll.
The gnoll is heavily wounded.
The gnoll hits you from afar with a +0 spear!
You die...

# #.# #.# #######.# #.#
........# ###.#####
######### #.......#
#..[...(# ###### #.......#
#....# #.......# #....# ###
..########'##########....###
...
........ggg@.............†..
###
##########.##########....###
# #.......#.# #....# # #
#.#####<#.# #....# # ###
#.#######.####### ########
..# #.......#....^..# #..
#.## #######.#.......# ##.#
#..# ##....#.......# #...
##.# #..##.#.####### #...


You could see 3 gnolls.

Vanquished Creatures
  5 adders (D:2)
  A dart slug (D:2)
  8 endoplasms
  2 giant cockroaches
  3 goblins (D:1)
  2 hobgoblins (D:2)
  6 jackals
  3 quokkas
  3 ball pythons
  2 bats (D:1)
  3 frilled lizards (D:1)
  4 kobolds
42 creatures vanquished.

Notes
Turn   | Place    | Note
-------+----------+-------------------------------------------
     0 | D:1      | hikkokomori the Gargoyle Earth Elementalist began the quest
                  | for the Orb.
     0 | D:1      | Reached XP level 1. HP: 10/10 MP: 3/3
   245 | D:1      | Reached XP level 2. HP: 15/15 MP: 1/5
   255 | D:1      | Reached skill level 4 in Earth Magic
   329 | D:1      | Found Xozuameu's Book Boutique.
   335 | D:1      | Found Qutos's Distillery.
   340 | D:1      | Found Ymotinuc's Assorted Antiques.
   508 | D:1      | Found a faded altar of an unknown god.
   554 | D:1      | Found Xuxkax's Jewellery Emporium.
   795 | D:2      | Reached XP level 3. HP: 19/19 MP: 3/6
   966 | D:2      | Reached XP level 4. HP: 24/24 MP: 2/7
  1135 | D:2      | Found a snail-covered altar of Cheibriados.
  1135 | D:2      | Found the +18 Lear's hauberk
  1158 | D:2      | Became a worshipper of Cheibriados the Contemplative
  1414 | D:2      | Reached skill level 5 in Earth Magic
  1825 | D:2      | Slain by a gnoll

Illustrated notes

Levels and vault maps discovered:
D:1:      dpeg_chamrin_arrival_tetris, layout_rooms, basic_ecumenical_altar,
          serial_shops, nicolae_shop_stone, shop_statue,
          nicolae_shop_statue_plus, nicolae_square_shop,
          minmay_misc_feat_ornament
D:2:      layout_basic, basic_altar, minmay_tetromino_s2

Skill      XL: |  1  2  3  4 |
---------------+-------------+-----
Earth Magic    | 4 5 |  5.0
Stealth        | 3 4 |  4.0
Fighting       | |  0.3
Armour         | |  0.4
Dodging        | |  1.5
Spellcasting   | |  2.0
Transmutations | |  0.7
Invocations    | |  0.3

Action                     |  1- 3 |  4- 6 || total
---------------------------+-------+-------++-------
  Melee: Unarmed           |    19 |       ||    19
         Dagger            |     2 |    77 ||    79
   Cast: Sandblast         |    39 |    14 ||    53
 Armour: Robe              |     6 |     4 ||    10
         Chain mail        |       |    74 ||    74
  Dodge: Dodged            |    33 |    30 ||    63

Table legend: (Time is in decaauts)
 A = Elapsed time spent in this place.
 B = Non-inter-level travel time spent in this place.
 C = Inter-level travel time spent in this place.
 D = Time resting spent in this place.
 E = Time spent auto-exploring this place.
 F = Levels seen in this place.
 G = Mean time per level.
                   A        B        C        D        E       F      G
               +--------+--------+--------+--------+--------+-----+--------+
         Total |   1968 |   1949 |     19 |      0 |   1561 |   2 |  984.0 |
       Dungeon |   1968 |   1949 |     19 |      0 |   1561 |   2 |  984.0 |
               +--------+--------+--------+--------+--------+-----+--------+

Top non-repeatable levels by time:
     D:2: 1193 daAuts
     D:1: 775 daAuts
